 Dungeon Crawl Stone Soup version 0.31.0-11-ge490571c62 (webtiles) character file.

Game seed: 4299065708984331028

64 qw the Shooter (level 3, 0/20 HPs)
             Began as a Deep Elf Hunter on Feb 4, 2024.
             Slain by a ribbon worm (6 damage)
             ... on level 2 of the Dungeon.
             The game lasted 00:00:06 (1623 turns).

qw the Shooter (Deep Elf Hunter)                    Turns: 1623, Time: 00:00:06

Health: 0/20       AC:  3    Str: 10    XL:     3   Next: 91%
Magic:  5/5        EV: 12    Int: 13    God:
Gold:   79         SH:  0    Dex: 18    Spells: 2/2 levels left

rFire   . . .        a - +0 shortbow
rCold   . . .        (shield currently unavailable)
rNeg    . . .        c - +0 leather armour
rPois   +            (no helmet)
rElec   .            (no cloak)
rCorr   .            (no gloves)
SInv    .            (no boots)
Will    .....        (no amulet)
Stlth   ++           i - ring of poison resistance
HPRegen 0.23/turn    (no ring)
MPRegen 0.09/turn

%: no passive effects
@: no status effects
A: no striking features
a: no special abilities


You were on level 2 of the Dungeon.
You visited 1 branch of the dungeon, and saw 2 of its levels.

You collected 79 gold pieces.


   Skills:
 - Level 1.5 Fighting
 + Level 7.3 Ranged Weapons
 - Level 2.4 Dodging
 - Level 1.2 Stealth


You had 2 spell levels left.
You didn't know any spells.
Your spell library was empty.

Inventory:

Hand Weapons
 a - a +0 shortbow (weapon)
Armour
 c - a +0 leather armour (worn)
Jewellery
 i - a ring of poison resistance (left hand)
Scrolls
 b - a scroll of amnesia {unknown}
 d - 2 scrolls of identify
 e - 3 scrolls of poison {unknown}
Potions
 j - a potion of heal wounds

Dungeon Overview and Level Annotations

Branches:
Dungeon (2/15)

Altars:

Shops:
D:1 (

Annotations:
D:2 1 runed translucent door, Crazy Yiuf


Message History

A ribbon worm comes into view.
You shoot an arrow.
The arrow barely misses the ribbon worm.
The ribbon worm barely misses you.
You shoot an arrow. The arrow hits the ribbon worm.
The ribbon worm is moderately wounded.
The ribbon worm bites you but does no damage.
You shoot an arrow.
The arrow hits the ribbon worm but does no damage.
The ribbon worm is moderately wounded.
The ribbon worm closely misses you.
You shoot an arrow. The arrow hits the ribbon worm.
The ribbon worm is moderately wounded.
The ribbon worm bites you.
You shoot an arrow.
The arrow completely misses the ribbon worm.
The ribbon worm bites you.
You shoot an arrow. The arrow hits the ribbon worm.
The ribbon worm is moderately wounded.
The ribbon worm bites you.
You shoot an arrow. The arrow hits the ribbon worm!
The ribbon worm is almost dead.
The ribbon worm expels a string of sticky webbing.
The stream of webbing hits you but does no damage.
You are caught in a web!
The web tears apart.
You shoot an arrow.
The arrow barely misses the ribbon worm.
The ribbon worm expels a string of sticky webbing.
The stream of webbing hits you but does no damage.
You are caught in a web!
The web tears apart.
The ribbon worm closely misses you.
You shoot an arrow. The arrow hits the ribbon worm.
The ribbon worm is severely wounded.
The ribbon worm bites you.
You shoot an arrow. The arrow hits the ribbon worm.
The ribbon worm is almost dead.
The ribbon worm bites you.
You die...

#.###### #.##.#.# ##...##
## #.# #.##.#.# ##'## #
#.# #.##.#.########.##
#.# #.##.#.#.........#
#<# #......#.######..#
#.# ####<###.#
###<..#####.. ..# #.# .#
#...........# ###
#.###w###.#...#######
#)..@......#..#
#####.###.##..#
.........# #######.## #.#
#.# ########## #.#
#........# #.#
#.######.########.#######


You could see a ribbon worm.

Vanquished Creatures
  Natasha (D:2)
  An adder (D:2)
  2 ribbon worms (D:2)
  2 endoplasms
  2 giant cockroaches
  2 jackals (D:2)
  4 kobolds
  2 quokkas
  3 ball pythons
  4 bats
  A frilled lizard (D:1)
  A rat (D:1)
25 creatures vanquished.

Notes
Turn   | Place    | Note
-------+----------+-------------------------------------------
     0 | D:1      | qw the Deep Elf Hunter began the quest for the Orb.
     0 | D:1      | Reached XP level 1. HP: 12/12 MP: 3/3
     0 | D:1      | 0 ||| qw: Version: 0.3-a-160-g6735b56
     0 | D:1      | 0 ||| qw: Game counter: 5969
     0 | D:1      | 0 ||| qw: Melee chars always use a shield: true
     0 | D:1      | 0 ||| qw: God list: Okawaru
     0 | D:1      | 0 ||| qw: Allow faded altars: false
     0 | D:1      | 0 ||| qw: Do Orc after clearing Dungeon:15 true
     0 | D:1      | 0 ||| qw: Do second Lair branch before Depths: true
     0 | D:1      | 0 ||| qw: Lair rune preference: random
     0 | D:1      | 0 ||| qw: Goals: Normal
     0 | D:1      | 0 ||| PLANNING D:1-11
    99 | D:1      | Found Buatascho's Weapon Boutique.
   304 | D:1      | Reached XP level 2. HP: 16/16 MP: 4/4
   337 | D:1      | Reached skill level 6 in Ranged Weapons
   590 | D:1      | 590 ||| UPGRADING to ring of poison resistance.
   591 | D:1      | 591 ||| READING 2 scrolls labelled JEFIUV QAOWN.
   591 | D:1      | 591 ||| IDENTIFYING lumpy golden potion
   592 | D:1      | 592 ||| READING scroll of identify.
   592 | D:1      | 592 ||| IDENTIFYING puce potion
   593 | D:1      | 593 ||| READING 2 scrolls labelled ETTIUTUDUGO.
   694 | D:1      | 694 ||| READING scroll labelled OTHAYT FAPROU.
   695 | D:1      | 695 ||| DRINKING 2 smoky emerald potions.
   696 | D:1      | 696 ||| DROPPING scroll of butterflies.
   697 | D:1      | 697 ||| DROPPING scroll of vulnerability.
   698 | D:1      | 698 ||| DROPPING potion of invisibility.
   699 | D:1      | 699 ||| DROPPING potion of lignification.
   986 | D:2      | Found a faded altar of an unknown god.
  1122 | D:2      | Reached XP level 3. HP: 16/20 MP: 5/5
  1375 | D:2      | Noticed Natasha
  1384 | D:2      | Killed Natasha
  1385 | D:2      | Reached skill level 7 in Ranged Weapons
  1463 | D:2      | Found a runed translucent door.
  1464 | D:2      | Noticed Crazy Yiuf
  1623 | D:2      | Slain by a ribbon worm

Levels and vault maps discovered:
D:1:      dpeg_arrival_three_smaller_balls, layout_loops_cross, serial_glass,
          glass_columns_a, glass_columns_b, glass_columns_c, glass_columns_c,
          glass_columns_a, glass_columns_a, glass_columns_a, glass_columns_c,
          item_on_display_a, feat_on_display, serial_shops,
          nicolae_shop_advertising_works [nicolae_subvault_shop_adworks]
D:2:      layout_loops_corners, ebering_ecumenical_altar_hall,
          uniq_crazy_yiuf_cottage, uniq_natasha

Skill      XL: |  1  2  3 |
---------------+----------+-----
Ranged Weapons | 6 7 |  7.3
Fighting       | |  1.5
Dodging        | |  2.4
Stealth        | |  1.2

Action                     || total
---------------------------++-------
   Fire: Shortbow          ||    84
    Use: Scroll            ||     4
         Potion            ||     1
 Armour: Leather armour    ||    23
  Dodge: Dodged            ||    17

Table legend:
 A = Non-vault XP
 B = Vault XP
 C = Vault XP percentage of total XP
 D = Non-vault monster count
 E = Vault monster count
 F = Vault count percentage of total count
                 A         B        C        D         E       F
            +---------+---------+-------+---------+---------+-------
      Total |      57 |      35 |  38.0 |      24 |       1 |   4.0
            +---------+---------+-------+---------+---------+-------
        D:1 |      18 |       0 |   0.0 |      12 |       0 |   0.0
        D:2 |      39 |      35 |  47.3 |      12 |       1 |   7.7
            +---------+---------+-------+---------+---------+-------
